 Dungeon Crawl Stone Soup version 0.24.0-125-gc4c63601f3 (webtiles) character file.

Game seed: 4462050539956989825, levelgen mode: deterministic

12122 cada the Basher (level 11, -3/84 HPs)
             Began as a Mummy Fighter on Feb 29, 2020.
             Was a High Priest of Okawaru.
             Slain by Sonja the manticore (10 damage)
             ... on level 11 of the Dungeon.
             The game lasted 00:24:26 (10774 turns).

cada the Basher (Mummy Fighter)                    Turns: 10774, Time: 00:24:26

Health: -3/84      AC: 20    Str: 22    XL:     11   Next: 58%
Magic:  10/15      EV: 12    Int: 13    God:    Okawaru [*****.]
Gold:   511        SH: 12    Dex:  6    Spells: 10/10 levels left

rFire    . . .     SeeInvis +   a - +0 flail
rCold    + . .     Gourm    .   c - +0 shield
rNeg     + + +     Faith    .   r - +5 scale mail of Elitism {rPois Dex-5 Slay+6 SInv}
rPois    ∞         Spirit   .   A - +2 helmet
rElec    +         Reflect  .   d - +0 cloak
rCorr    .         Harm     .   l - +0 pair of gloves
MR       +....                  (no boots)
Stlth    +.........             (no amulet)
HPRegen  0.24/turn              v - ring "Poruof Onean" {+Fly rElec Int+4}
MPRegen  0.14/turn              t - ring of protection from fire

@: heroism, finesse, barbed spikes
A: no food or potions, fire vulnerability, cold resistance 1, negative energy
resistance 3, torment resistance, unbreathing
a: Heroism, Finesse, Renounce Religion, Evoke Flight


You were on level 11 of the Dungeon.
You worshipped Okawaru.
Okawaru was extremely pleased with you.
You were not hungry.

You visited 2 branches of the dungeon, and saw 12 of its levels.

You collected 511 gold pieces.

Inventory:

Hand Weapons
 a - a +0 flail (weapon)
Armour
 c - a +0 shield (worn)
 d - a +0 cloak (worn)
 l - a +0 pair of gloves (worn)
 q - a +1 chain mail of cold resistance
 r - the +5 scale mail of Elitism (worn) {rPois Dex-5 Slay+6 SInv}
   (You found it on level 5 of the Dungeon)

   It affects your dexterity (-5).
   It affects your accuracy and damage with ranged weapons and melee attacks
   (+6).
   It protects you from poison.
   It lets you see invisible.
 u - a +0 large shield
 A - a +2 helmet (worn)
Jewellery
 m - an uncursed ring of fire
 t - a ring of protection from fire (right hand)
 v - the ring "Poruof Onean" (left hand) {+Fly rElec Int+4}
   (You found it on level 8 of the Dungeon)

   [ring of flight]

   It affects your intelligence (+4).
   It insulates you from electricity.
   It lets you fly.
Wands
 j - a wand of polymorph (3)
 x - a wand of flame (7)
 y - a wand of digging (4)
Scrolls
 b - a scroll of blinking {unknown}
 h - 2 scrolls of fog {unknown}
 i - 8 scrolls of remove curse
 k - a scroll of enchant armour {unknown}
 o - 9 scrolls of identify {unknown}
 p - 3 scrolls of noise {unknown}
 s - 2 scrolls of magic mapping {unknown}
 z - a scroll of enchant weapon {unknown}


   Skills:
 + Level 7.0(12.0) Fighting
 + Level 9.8(14.8) Maces & Flails
 + Level 6.3(11.3) Armour
 + Level 4.2(9.2) Dodging
 + Level 6.7(11.7) Shields
 * Level 5.7 Invocations
 + Level 1.4 Evocations


You had 10 spell levels left.
You didn't know any spells.
Your spell library contained the following spells:

 Spells                   Type           Power        Failure   Level  Hunger
 Animate Skeleton         Necr           N/A          69%         1    N/A
 Apportation              Tloc           #.....       69%         1    N/A
 Confusing Touch          Hex            #.....       69%         1    N/A
 Sandblast                Erth           #.....       69%         1    N/A
 Summon Small Mammal      Summ           #...         69%         1    N/A
 Passwall                 Tmut/Erth      #.......     83%         2    N/A
 Sticks to Snakes         Tmut           #.......     83%         2    N/A
 Stone Arrow              Conj/Erth      #.....       96%         3    N/A
 Leda's Liquefaction      Hex/Erth       #.........   100%        4    N/A
 Petrify                  Tmut/Erth      #.......     100%        4    N/A
 Bolt of Magma            Conj/Fire/Erth #.........   100%        5    N/A
 Lee's Rapid Deconstruct  Erth           #.........   100%        5    N/A
 Iron Shot                Conj/Erth      #.........   100%        6    N/A
 Shatter                  Erth           #.........   100%        9    N/A
 Beastly Appendage        Tmut           Unusable     N/A         1    N/A
 Spider Form              Tmut/Pois      Unusable     N/A         3    N/A
 Ice Form                 Ice/Tmut       Unusable     N/A         4    N/A
 Blade Hands              Tmut           Unusable     N/A         5    N/A
 Statue Form              Tmut/Erth      Unusable     N/A         6    N/A

Dungeon Overview and Level Annotations

Branches:
Dungeon (11/15)            Temple (1/1) D:7
   Lair: D:8-11         Orc: D:9-12

Altars:
Dithmenos
Elyvilon
Fedhas
Hepliaklqana
Makhleb
Nemelex Xobeh
Okawaru
Ru
Trog
Vehumet
Wu Jian
Zin

Annotations:
D:11 1 transporter, Ciri's ghost, novice GrEE; Sonja


Innate Abilities, Weirdness & Mutations

You do not eat or drink.
Your flesh is vulnerable to fire.
You are immune to poison.
Your flesh is cold resistant. (rC+)
You are immune to negative energy. (rN+++)
You are immune to unholy pain and torment.
You can survive without breathing.


Message History

Sonja flicks its tail.
The volley of spikes hits you.
The barbed spikes become lodged in your body.
* * * LOW HITPOINT WARNING * * *
You sock the worker ant!
You kill the worker ant!
Okawaru accepts your kill.
The barbs in your skin will harm you if you move.
Continue?
The barbed spikes dig painfully into your body as you move.
* * * LOW HITPOINT WARNING * * *
An orc comes into view.
The orc shouts!
Sonja closely misses you. Sonja claws you but does no damage.
You block Sonja's attack.
The orc moves out of view.
Items here: (( )) † 4 arrows; a stone; a +0 mace; a +0 hand axe; a warg corpse You sock Sonja!
Sonja is lightly wounded.
Sonja bites you!
You die...

..#.#..##...#########..#.........
..#....##....#.#.#.#...#.........
.............[...................
...........((..###...............
..##..###..#.(## #..)#)#.........
..).†.........(###.:.#.#..#.###..
.|#.#.###..#...(.....#.#..#.# ..
..#.#..##.......)H.........
#######..>.....#@#)......###
###......#(#..##.#..
#....$.))).........
........((...........
.......(..).....# ####
........#.#..##.#
##...............
#.>..........##.# ##......###...
#


You could see Sonja the manticore.

Vanquished Creatures
  A hydra (D:11)
  Harold (D:7)
  A two-headed ogre (D:11)
  A deep elf mage (D:8)
  An ugly thing (D:11)
  A manticore (D:11)
  A cyclops (D:11)
  A polar bear (D:9)
  3 trolls
  A raiju (D:10)
  Prince Ribbit (D:7)
  A wyvern (D:10)
  A spriggan (D:9)
  A wraith (D:9)
  A hungry ghost (D:11)
  A steam dragon (D:10)
  2 wargs (D:11)
  Menkaure (D:7)
  2 floating eyes (D:11)
  A black bear (D:8)
  A phantom (D:8)
  2 orc warriors
  6 ice beasts
  An eye of draining (D:11)
  4 ogres
  3 sky beasts
  3 necrophages
  2 wolves (D:9)
  15 centaurs
  A crocodile (D:10)
  A big kobold (D:10)
  6 bullfrogs
  2 wyvern skeletons
  A wyvern zombie (D:9)
  5 scorpions
  10 killer bees
  6 howler monkeys
  5 crimson imps
  2 bullfrog zombies
  A quasit (D:6)
  4 orc priests
  3 hounds
  A centaur skeleton (D:4)
  A bullfrog skeleton (D:8)
  3 jellies
  4 orc wizards
  An iguana (D:5)
  Ijyb (D:4)
  2 worker ants
  A killer bee zombie (D:8)
  2 hound skeletons
  A hound zombie (D:11)
  A worker ant zombie (D:5)
  A howler monkey skeleton (D:10)
  17 adders
  2 shadow imps
  An ufetubus (D:9)
  An ooze (D:3)
  3 adder skeletons
  An adder zombie (D:5)
  5 worms
  A dart slug (D:1)
  4 leopard geckos
  25 orcs
  7 giant cockroaches
  6 hobgoblins
  8 jackals
  10 kobolds
  7 quokkas
  A ball python (D:5)
  6 bats
  7 frilled lizards
  2 goblins
  A leopard gecko skeleton (D:7)
  7 rats
249 creatures vanquished.

Notes
Turn   | Place    | Note
-------+----------+-------------------------------------------
     0 | D:1      | cada the Mummy Fighter began the quest for the Orb.
     0 | D:1      | Reached XP level 1. HP: 18/18 MP: 1/1
   308 | D:1      | Reached XP level 2. HP: 24/24 MP: 2/2
   941 | D:2      | Noticed a centaur
  1075 | D:2      | Killed a centaur
  1075 | D:2      | Reached skill level 2 in Maces & Flails
  1075 | D:2      | Reached XP level 3. HP: 5/29 MP: 3/3
  1075 | D:2      | Reached XP level 4. HP: 6/35 MP: 4/4
  1594 | D:2      | Found a blossoming altar of Fedhas.
  1854 | D:2      | Found a glowing silver altar of Zin.
  1854 | D:2      | Found a sparkling altar of Nemelex Xobeh.
  1961 | D:3      | Reached XP level 5. HP: 41/41 MP: 5/5
  2505 | D:4      | Reached skill level 3 in Maces & Flails
  2505 | D:4      | Reached skill level 1 in Dodging
  2730 | D:4      | Noticed Ijyb
  2754 | D:4      | Killed Ijyb
  2754 | D:4      | Reached XP level 6. HP: 47/47 MP: 6/6
  3339 | D:5      | Entered Level 5 of the Dungeon
  3573 | D:5      | Found a burning altar of Makhleb.
  3614 | D:5      | Reached skill level 4 in Maces & Flails
  3659 | D:5      | Reached XP level 7. HP: 15/53 MP: 7/7
  4089 | D:5      | Got a brightly glowing scale mail
  4123 | D:5      | Identified the +5 scale mail of Elitism {rPois Dex-5 Slay+6
                  | SInv} (You found it on level 5 of the Dungeon)
  4502 | D:6      | Reached skill level 5 in Maces & Flails
  4736 | D:6      | Reached XP level 8. HP: 61/61 MP: 8/8
  4762 | D:6      | Noticed Edmund
  4784 | D:6      | Noticed Edmund
  4784 | D:6      | Edmund changed into Edmund the scorpion
  4786 | D:6      | Killed Edmund the scorpion
  5006 | D:6      | Reached skill level 6 in Maces & Flails
  5257 | D:7      | Noticed Menkaure
  5259 | D:7      | Killed Menkaure
  5294 | D:7      | Reached skill level 5 in Shields
  5522 | D:7      | Reached skill level 5 in Fighting
  5618 | D:7      | Found a staircase to the Ecumenical Temple.
  5626 | D:7      | Reached XP level 9. HP: 68/68 MP: 9/9
  5644 | Temple   | Entered the Ecumenical Temple
  5650 | Temple   | Became a worshipper of Warmaster Okawaru
  5816 | D:7      | Reached skill level 1 in Invocations
  5821 | D:7      | Noticed Prince Ribbit
  5827 | D:7      | Killed Prince Ribbit
  5834 | D:7      | Reached skill level 7 in Maces & Flails
  5863 | D:7      | Reached * piety under Okawaru
  6333 | D:7      | Found a sacrificial altar of Ru.
  6333 | D:7      | Found a faded altar of an unknown god.
  6338 | D:7      | Found a bloodstained altar of Trog.
  6340 | D:7      | Found a faded altar of an unknown god.
  6342 | D:7      | Found a white marble altar of Elyvilon.
  6443 | D:8      | Noticed Harold
  6466 | D:7      | Killed Harold
  6466 | D:7      | Reached ** piety under Okawaru
  6466 | D:7      | Reached skill level 5 in Armour
  6663 | D:8      | Reached XP level 10. HP: 72/76 MP: 12/12
  6772 | D:8      | Got a warped brass ring
  6775 | D:8      | Identified the ring "Poruof Onean" {+Fly rElec Int+4} (You
                  | found it on level 8 of the Dungeon)
  6947 | D:8      | Reached skill level 8 in Maces & Flails
  7085 | D:8      | Found an iron altar of Okawaru.
  7085 | D:8      | Noticed a deep elf mage
  7092 | D:8      | Killed a deep elf mage
  7175 | D:9      | Reached *** piety under Okawaru
  7887 | D:10     | Entered Level 10 of the Dungeon
  7906 | D:10     | HP: 3/76 [wraith (6)]
  8560 | D:10     | Reached **** piety under Okawaru
  9266 | D:10     | Reached skill level 9 in Maces & Flails
  9647 | D:11     | Reached XP level 11. HP: 78/83 MP: 14/14
  9693 | D:11     | Noticed Sonja
  9761 | D:11     | Found an iron altar of Okawaru.
  9789 | D:11     | Reached skill level 5 in Invocations
  9899 | D:11     | Noticed Urug
  9910 | D:11     | Noticed a two-headed ogre
  9922 | D:11     | Killed a two-headed ogre
  9950 | D:11     | Noticed a purple ugly thing
  9964 | D:11     | Noticed an eight-headed hydra
 10129 | D:11     | Paralysed by a floating eye for 2 turns
 10133 | D:11     | Found a transporter.
 10134 | D:11     | Found a transporter.
 10475 | D:11     | Noticed Ciri's ghost (novice GrEE)
 10492 | D:11     | Killed an eight-headed hydra
 10492 | D:11     | Reached skill level 1 in Evocations
 10594 | D:11     | Noticed Urug
 10594 | D:11     | Urug changed into Urug the floating eye
 10596 | D:11     | Killed Urug the floating eye
 10653 | D:11     | Killed a green ugly thing
 10653 | D:11     | Reached ***** piety under Okawaru
 10759 | D:11     | Noticed Sonja
 10759 | D:11     | Sonja changed into Sonja the manticore
 10774 | D:11     | Slain by Sonja the manticore

Levels and vault maps discovered:
D:1:      lightli_arrival_boilingwater, layout_basic
D:2:      layout_loops_ring, fedhas_altar_4, gammafunk_temple_overflow_wave
D:3:      layout_rooms
D:4:      layout_basic, uniq_ijyb
D:5:      layout_rooms, first_ration, bloody_makhleb
D:6:      layout_gridville, uniq_edmund
D:7:      layout_loops_ring, chequers_temple_overflow_minitemple,
          minmay_temple_entry_overgrown, uniq_menkaure, uniq_prince_ribbit1
D:8:      layout_loops_ring, david_defended_altar_elf, uniq_harold
D:9:      layout_stronghold, serial_ice, serial_ice_o, serial_ice_f,
          serial_ice_b, serial_ice_h, grunt_pizzeria
D:10:     layout_stronghold
D:11:     layout_basic, erik_lair_orcish_takeover, david_orc_1_choice,
          basic_altar, gammafunk_ghost_hive, onia_ninara_cookie, uniq_sonja,
          uniq_erolcha, uniq_urug
Temple:   eino_temple_rhombus

Skill      XL: |  1  2  3  4  5  6  7  8  9 10 11 |
---------------+----------------------------------+-----
Maces & Flails | 2 3 4 5 6 7 9 |  9.8
Armour         | 3 4 5 6 |  6.3
Shields        | 3 4 5 6 |  6.7
Dodging        | 1 2 3 4 |  4.2
Fighting       | 4 5 6 7 |  7.0
Invocations    | 3 4 5 |  5.7
Evocations     | 1 |  1.4

Action                   |  1- 3 |  4- 6 |  7- 9 | 10-12 || total
-------------------------+-------+-------+-------+-------++-------
Melee: Flail             |    77 |   288 |   304 |   428 ||  1097
Invok: Heroism           |       |       |     1 |    17 ||    18
       Finesse           |       |       |       |     1 ||     1
Evoke: Wand              |       |       |     5 |    19 ||    24
  Use: Scroll            |       |     3 |       |     6 ||     9
Armor: Scale mail        |    38 |   149 |   173 |   221 ||   581
Dodge: Dodged            |    30 |    92 |   105 |   151 ||   378
Block: Shield            |    40 |   158 |   140 |   267 ||   605
